 Dungeon Crawl Stone Soup version 0.31.0-11-ge490571c62 (webtiles) character file.

Game seed: 6262296327617854655

187 Ashen the Ruffian (level 5, 0/49 HPs)
             Began as a Troll Shapeshifter on Feb 2, 2024.
             Was a Believer of Wu Jian.
             Slain by a black bear (2 damage)
             ... on level 4 of the Dungeon.
             The game lasted 00:03:50 (2260 turns).

Ashen the Ruffian (Troll Shapeshifter)              Turns: 2260, Time: 00:03:52

Health: 0/49       AC:  4    Str: 22    XL:     5   Next: 39%
Magic:  4/4        EV: 10    Int:  6    God:    Wu Jian [**....]
Gold:   281        SH:  0    Dex: 11    Spells: 4/4 levels left

rFire   . .          .
                       - Unarmed
rCold   . . .        (no shield)
rNeg    . . .        a - +0 animal skin
rPois   .            (helmet currently unavailable)
rElec   .            (cloak currently unavailable)
rCorr   .            (gloves unavailable)
SInv    .            (boots unavailable)
Will    .....        (no amulet)
Stlth   +            (no ring)
HPRegen 1.08/turn    (no ring)
MPRegen 0.09/turn

%: no passive effects
@: lethally poisoned (0 -> -1), beast-form
A: beast (slay +2), large, unfitting armour, claws 3, regeneration 1, shaggy fur
1, tough skin 1
a: Begin Untransformation, Renounce Religion, Wall Jump


You were on level 4 of the Dungeon.
You worshipped Wu Jian.
Wu Jian was pleased with you.
You were a hulking beast.
You visited 1 branch of the dungeon, and saw 4 of its levels.

You collected 281 gold pieces.

Inventory:

Armour
 a - a +0 animal skin (worn)
Jewellery
 r - a ring of protection from cold
Talismans
 c - a beast talisman
 d - a flux talisman
Wands
 q - a wand of mindburst (13)
Scrolls
 e - a scroll of teleportation {unknown}
 f - 2 scrolls of revelation {unknown}
 g - a scroll of fear {unknown}
 h - 2 scrolls of fog {unknown}
 i - 2 scrolls of torment {unknown}
 n - a scroll of immolation {unknown}
 o - a scroll of enchant armour {unknown}
 p - a scroll of brand weapon {unknown}
 s - a scroll of noise {unknown}
Potions
 b - 2 potions of lignification
 j - a potion of curing {unknown}
 k - 2 potions of heal wounds {unknown}
 l - a potion of might {unknown}
 m - a potion of magic {unknown}
 t - a potion of attraction {unknown}


   Skills:
 + Level 2.1 Fighting
 + Level 2.6 Dodging
 + Level 4.0 Unarmed Combat
 + Level 3.8 Shapeshifting


You had 4 spell levels left.
You didn't know any spells.
Your spell library contained the following spells:

 Spells                   Type           Power      Damage    Failure   Level
 Passage of Golubria      Tloc           0%         N/A       99%         4
 Silence                  Hex/Air        0%         N/A       100%        5
 Lehudib's Crystal Spear  Conj/Erth      0%         10d2      100%        8


Dungeon Overview and Level Annotations

Branches:
Dungeon (4/15)
 Temple: D:4-7

Altars:
Makhleb
Nemelex Xobeh
Qazlal
Wu Jian
Yredelemnul

Shops:
D:1 !   D:4 [


Innate Abilities, Weirdness & Mutations

You are a hulking beast.
Your limbs bulge with bestial killing power. (Slay +2)
You are too large for most types of armour.
You have claws for hands.
Your natural rate of healing is unusually fast.
You are covered in fur. (AC +1)
You have tough skin. (AC +1)


Message History

You feel sick.
Your Unarmed Combat skill increases to level 4!
You barely miss the black bear.
You feel sick.
A scorpion comes into view.
The black bear bites you. The black bear barely misses you.
The black bear claws you but does no damage.
The endoplasm freezes you.
You are frozen.
You closely miss the black bear.
You feel sick. The black bear bites you. The black bear misses you.
The black bear claws you. The endoplasm barely misses you.
You claw the black bear! x2
The black bear is almost dead.
You feel sick. The black bear closely misses you. The black bear claws you. x2
The endoplasm freezes you.
You are frozen.
You completely miss the black bear.
The black bear is almost dead.
You feel sick.
The black bear bites you but does no damage.
The black bear closely misses you.
The black bear claws you but does no damage.
The endoplasm hits you.
You scratch the black bear but do no damage.
The black bear is almost dead.
The black bear goes berserk!
The endoplasm hits you but does no damage.
You scratch the black bear.
The black bear is almost dead.
You feel sick. The black bear bites you! The black bear barely misses you.
The black bear claws you. The endoplasm freezes you.
You are frozen.
* * * LOW HITPOINT WARNING * * *
The black bear bites you!
* * * LOW HITPOINT WARNING * * *
The black bear claws you.
* * * LOW HITPOINT WARNING * * *
The black bear claws you.
You die...

#.##..#.##..#..........
..# #
#..#.##.....###..#.#.
#............ ........
###..###..#####.
#.............
#.........##
#.#.##..### #.#.##..#
..#...h.#
#.#...J†h......
#.#...#.#.#####
#.....#... ..###....##.
#.# .#.... .. #. .### .
. ..


You could see a black bear (berserk) and an endoplasm.

Vanquished Creatures
  Ijyb (D:3)
  Natasha (twice) (D:2)
  4 adders
  A ribbon worm (D:4)
  2 dart slugs
  4 orcs
  3 endoplasms (D:2)
  A giant cockroach (D:1)
  5 goblins
  4 hobgoblins
  7 jackals (D:1)
  7 kobolds
  4 quokkas
  4 ball pythons
  7 bats
  4 frilled lizards
  5 rats
65 creatures vanquished.

Notes
Turn   | Place    | Note
-------+----------+-------------------------------------------
     0 | D:1      | Ashen the Troll Shapeshifter began the quest for the Orb.
     0 | D:1      | Reached XP level 1. HP: 18/18 MP: 0/0
   146 | D:1      | Reached skill level 1 in Fighting
   315 | D:1      | Reached XP level 2. HP: 27/27 MP: 1/1
   351 | D:1      | Found Hatyf Ley's Distillery.
   730 | D:2      | Reached XP level 3. HP: 33/33 MP: 2/2
   749 | D:2      | Found a sparkling altar of Nemelex Xobeh.
   812 | D:2      | Found a faded altar of an unknown god.
   813 | D:2      | Noticed a great orb of eyes
   817 | D:2      | Noticed a shining eye
   817 | D:2      | Noticed a shining eye
   817 | D:2      | Noticed a golden eye
   827 | D:2      | Prayed at the altar of an unknown god.
   827 | D:2      | Became a worshipper of the Wu Jian Council
   827 | D:2      | Reached * piety under Wu Jian
   843 | D:2      | Noticed Natasha
   857 | D:2      | Killed Natasha
   954 | D:2      | Reached XP level 4. HP: 41/41 MP: 3/3
  1107 | D:2      | Noticed Natasha
  1112 | D:2      | Killed Natasha
  1417 | D:3      | Reached ** piety under Wu Jian
  1665 | D:3      | Noticed Ijyb
  1674 | D:3      | Killed Ijyb
  1675 | D:3      | Reached XP level 5. HP: 39/49 MP: 4/4
  2017 | D:4      | Found a burning altar of Makhleb.
  2022 | D:4      | Found a basalt altar of Yredelemnul.
  2106 | D:4      | Noticed a water elemental
  2110 | D:4      | Found a stormy altar of Qazlal.
  2112 | D:4      | Noticed an air elemental
  2112 | D:4      | Noticed a fire elemental
  2124 | D:4      | Found Mam Yxah's Armour Boutique.
  2250 | D:4      | Noticed a black bear
  2255 | D:4      | Reached skill level 4 in Unarmed Combat
  2260 | D:4      | HP: 2/49 [black bear (1)]
  2260 | D:4      | Slain by a black bear

Illustrated notes

Levels and vault maps discovered:
D:1:      mrwooster_arrival_arrow, layout_basic, serial_shops,
          nicolae_shop_industrial_runoff
D:2:      layout_loops_ring, basic_altar,
          hellmonk_ecumenical_altar_watching_god, uniq_natasha
D:3:      minmay_spotlight, layout_basic, uniq_ijyb
D:4:      minmay_door_path, layout_loops_ring, chei_slow_surprise,
          mainiacjoe_overflow_cross_hatched, nicolae_qazlal_style_of_elements,
          mainiacjoe_overflow_tiny_flanked, serial_shops, shop_coins,
          nicolae_titane

Skill      XL: |  1  2  3  4  5 |
---------------+----------------+-----
Fighting       | 1 2 |  2.1
Dodging        | 2 |  2.6
Unarmed Combat | 4 |  4.0
Shapeshifting  | |  3.8

Action                     |  1- 3 |  4- 6 || total
---------------------------+-------+-------++-------
  Melee: Unarmed           |    68 |    86 ||   154
         Punch             |     1 |     4 ||     5
Ability: Lunge             |     1 |    12 ||    13
   Stab: Sleeping          |       |     1 ||     1
 Armour: Animal skin       |    33 |    52 ||    85
  Dodge: Dodged            |    31 |    28 ||    59
